← All builds
Tech / Armada / Economy first / OBSERVED BUILD

Standard tech

Armada Tech (Eco) build order · Supreme Isthmus

Rushes the T2 bot lab and advanced metal extractors while supplying teammates with constructors, scaling eco through the standard Citadel/Umbrella/Platypus transition.

Usually first T2 con to Geo (83%)

#t2 #eco #team support · 1674 distinct matches · 261 players · 60% of Armada Tech games · team won 53% of 1989 · Recently observed

HOW TO PLAY IT

Key timing: T2 factory by 4:15

  1. Open 3 mex and heavy wind to fund a fast T2 rush.
  2. Put down Bot Lab, planning to eat it for reclaim soon after.
  3. Get Advanced Bot Lab up, hitting the T2 factory rush timing.
  4. Upgrade mex to Advanced Metal Extractor to lock in team metal income.
  5. Eat Advanced Bot Lab and keep sending cons to Geo and Pond.

Phase by phase

TYPICAL OF ITS 1674 GAMES
  1. 1
  2. 2
  3. 3
  4. 4
PLAY THE OPENING

Follow the example game's first 6:00 step by step: what to build now, what comes next, and where it goes. At 1× it keeps pace with your own game.

  1. 1

    Up to the Bot Lab

    Economy
    • Metal Extractor3Mex
    • Wind Turbine4Wind
    Order
    1. Bot LabBot Lab after 3 mex, 4 winddone ~1:18, middle half 1:13–1:32

    Some games also: energy storage (32%)

    By 1:01 in all: 3 mex · 4 wind

    The example game in this phase · 4 steps
    1. Mex ×3
    2. Wind ×5
    3. Energy storage
    4. Bot LabBot Labdone 1:37 · typical 1:18
  2. 2

    Bot Lab to Advanced Bot Lab

    Economy
    • Metal Extractor1Mex
    • Wind Turbine8Wind
    • Energy Storage1Energy storage
    Order
    1. Advanced Bot LabAdvanced Bot Lab after 4 mex, 12 wind, 3 con turretdone ~4:16, middle half 4:04–4:30
    Builders
    • Construction Turret3 Con turret
    • Lazarus3 Lazarus
    • Construction Bot2 Con bot
    • Construction Bot1 Con bot for allies

    Some games also: converter (36%)

    By 3:18 in all: 4 mex · 12 wind · 1 energy storage · 3 con turret

    The example game in this phase · 11 steps
    1. LazarusLazarus
    2. Wind
    3. Construction BotCon bot
    4. LazarusLazarus
    5. Construction BotCon bot
    6. LazarusLazarus
    7. Con turret
    8. Mex
    9. Wind
    10. Con turret
    11. Advanced Bot LabAdvanced Bot Labdone 4:03 · typical 4:16
  3. 3

    Advanced Bot Lab to 5:00

    Economy
    • Wind Turbine3Wind
    Order
    1. Bot LabEat Bot Lab
    Builders
    • Advanced Construction Bot1 T2 con bot for allies

    Some games also: converter (35%)

    By 5:00 in all: 4 mex · 15 wind · 1 converter · 1 energy storage · 3 con turret

    The example game in this phase · 9 steps
    1. Wind ×2
    2. Bot LabEat Bot Labreclaimed for its metal
    3. Wind
    4. Advanced Construction BotT2 con botfor Geo
    5. Wind
    6. Advanced Metal ExtractorT2 mexdone 4:54 · typical 5:28
    7. Wind
    8. Advanced Construction BotT2 con botfor Pond
    9. Wind
  4. 4

    5:00 to 10:00

    Economy
    • Wind Turbine43Wind
    • Energy Converter6Converter
    Builders
    • Butler9 Butler
    • Advanced Construction Bot4 T2 con bot for allies
    • Advanced Construction Bot1 T2 con bot

    Some games also: con turret (43%) · Butler for allies (37%)

    By 10:00 in all: 4 mex · 58 wind · 8 converter · 1 energy storage · 3 con turret

    The example game in this phase · 193 steps
    1. Advanced Construction BotT2 con botfor Air
    2. Wind ×2
    3. Advanced Metal ExtractorT2 mex
    4. Wind
    5. Advanced Metal ExtractorT2 mex
    6. Converter
    7. Advanced Metal ExtractorT2 mex
    8. ButlerButler
    9. Con turret
    10. ButlerButler
    11. Converter ×2
    12. Advanced Construction BotT2 con botfor Geo sea
    13. Converter
    14. ButlerButler
    15. Converter
    16. ButlerButler ×2
    17. Wind
    18. ButlerButler
    19. Wind
    20. Advanced Construction BotT2 con botfor Beach sea
    21. Wind ×4
    22. ButlerButler
    23. Wind ×2
    24. ButlerButler
    25. Wind ×3
    26. Advanced Construction BotT2 con botfor Suicide front
    27. Wind ×4
    28. Converter
    29. Wind ×4
    30. ButlerButler
    31. Converter
    32. Wind ×4
    33. ButlerButler
    34. Wind
    35. Converter
    36. Wind ×3
    37. Advanced Construction BotT2 con bot
    38. Wind
    39. Converter
    40. Wind ×4
    41. Converter ×2
    42. Wind ×3
    43. Fusion ReactorFusiondone 11:25
    44. Wind
    45. Converter ×2
    46. Wind ×2
    47. Metal storage
    48. Wind ×2
    49. Converter
    50. Wind ×2
    51. Converter
    52. Wind ×4
    53. Converter ×2
    54. Wind ×4
    55. Converter ×2
    56. Wind ×4
    57. Converter
    58. Wind ×2
    59. Converter
    60. Wind ×4
    61. Converter
    62. Wind ×2
    63. Converter
    64. Wind ×2
    65. Converter
    66. Wind ×2
    67. Converter
    68. Wind ×2
    69. Converter
    70. Wind ×2
    71. Advanced Bot LabEat Advanced Bot Labreclaimed for its metal
    72. Wind
    73. Converter
    74. Wind ×3
    75. Converter
    76. Wind ×2
    77. Converter
    78. Wind ×3
    79. Converter
    80. Wind
    81. Converter
    82. Wind ×4
    83. Con turret
    84. Converter ×2
    85. Wind ×2
    86. TracerTracer
    87. Con turret
    88. Wind ×2
    89. Converter
    90. Wind ×2
    91. Con turret
    92. Converter
    93. Wind ×4
    94. Converter ×2
    95. CitadelAnti-nukedone 12:38
    96. Wind ×4
    97. Converter
    98. Wind
    99. Converter
    100. Wind ×5
    101. Converter
    102. Con turret
    103. Converter
    104. Wind ×2
    105. Con turret
    106. Wind ×2
    107. Converter
    108. Wind ×2
    109. Converter
    110. Con turret
    111. Wind ×2
    112. Con turret
    113. Converter
    114. Wind ×2
    115. Converter
    116. Wind ×4
    117. Converter
    118. Fusion ReactorFusion
    119. Wind ×2
    120. Converter
    121. Wind ×3
    122. Converter
    123. Wind
    124. Converter
    125. Wind ×4
    126. Converter
    127. Wind
    128. Converter
    129. Wind ×3
    130. Converter
    131. Wind ×2
    132. Converter
    133. Wind ×4
    134. Converter ×2
    135. Wind ×2
    136. Aircraft PlantAircraft Plantdone 13:42
    137. Wind ×2
    138. T2 converter
    139. Converter ×2
    140. Wind ×4
    141. BlinkScout plane
    142. Converter
    143. Wind ×2
    144. Converter
    145. Wind ×2
    146. FalconFighter
    147. Wind
    148. Converter
    149. Wind
    150. Converter
    151. Wind
    152. FalconFighter
    153. Wind
    154. FalconFighter ×2
    155. Wind
    156. Converter
    157. Wind
    158. FalconFighter
    159. Advanced Fusion ReactorAdvanced Fusion Reactornot finished by 15:00
    160. FalconFighter
    161. Wind
    162. Converter
    163. Wind
    164. FalconFighter
    165. Wind ×2
    166. Converter
    167. FalconFighter
    168. Wind ×2
    169. FalconFighter
    170. Converter
    171. Wind ×2
    172. FalconFighter
    173. Converter
    174. Wind ×2
    175. FalconFighter
    176. Wind ×2
    177. Converter
    178. Wind ×2
    179. Converter
    180. FalconFighter
    181. Con turret ×2
    182. Wind ×2
    183. FalconFighter ×2
    184. Converter
    185. Wind ×2
    186. Converter
    187. FalconFighter
    188. Wind ×2
    189. FalconFighter
    190. Wind ×2
    191. Converter ×2
    192. FalconFighter
    193. Wind ×2

Counts are medians over the build's games: half of them build more, half fewer. The example game is Tregan's (40 OS, 14/10/2026); pick another.

Team trades

IN AT LEAST 30% OF ITS GAMES

You hand over

  • Construction Bot1 Con bot to Airfirst at 2:23 · in 84% of games
  • Advanced Construction Bot5 T2 con bot to Air or Geo sea or Pondfirst at 4:51 · in 99% of games
  • Butler2 Butler to Geo sea or Beach sea or Pondfirst at 9:06 · in 42% of games

You get

  • Hercules1 Light transport from Airfirst at 4:01 · in 86% of games

How it plays out

Typical game of this build, running totals by minute

Metal produced

020k40k
0:005:0010:0015:00

metal

Enemy metal destroyed

050100150
0:005:0010:0015:00

metal

Own metal lost

050100150
0:005:0010:0015:00

metal

1989 games.

Show as table
ByMetal produced: This buildEnemy metal destroyed: This buildOwn metal lost: This build
1:0038300
2:0091500
3:00165500
4:00314400
5:00484600
6:00580300
7:00723300
8:00906900
9:001120000
10:001354100
11:001625700
12:001967700
13:002346100
14:0027329074
15:0031531105130
WHAT THE NUMBERS SAY

Standard Tech play barely fights at all early, instead pouring metal into T2 infrastructure and constructors for the team.

  • + Metal produced hits 31679 by 15:00, by far the highest of any role here.
  • + T2 factory reached in 97% of games by 4:15, fastest and most reliable T2 timing.
  • − Enemy metal destroyed stays at 0 through 10:00, no early offense at all.
  • − Own metal lost also near 0, showing total avoidance of combat risk.
THE EXAMPLE YOU ARE READING

Tregan

39.5 OS · 14/10/2026

Open source match ↗

1 received units
1193 metal received · 41266 energy received

Allied construction assistance is unknown. Timings are observations, not a promise of solo reproducibility.

Typical milestones

Bot Lab1:18Middle 50%: 1:13–1:32 · n=1989
Advanced Bot Lab4:16Middle 50%: 4:04–4:30 · n=1982
Advanced Metal Extractor5:28Middle 50%: 5:05–5:58 · n=1985

Played most by

Amrissa95games of this buildTheGeneraI70games of this buildAdeus57games of this buildEl_Turco56games of this buildKOT_45games of this build